Description

This is a game from Bly against ShaDoWn.

This build order is probably the most cheesy.

VOD

https://youtu.be/5IxA7lxx3hs

Replay - BlyOnFire v ShaDoWn - Jagannatha LE

Build Order

Get SALT Encoding   

  12  0:17  Spawning Pool  
  11  0:21  Drone x2  
  13  0:31  Drone  
  14  0:39  Overlord  
  14  1:03  Zergling x6  
  17  1:16  Zergling x2  
  18  1:20  Hatchery  
  17  1:26  Zergling x2  
  18  1:37  Zergling x2  
  19  1:53  Hatchery  
  18  1:57  Drone  
  19  2:03  Drone  
  20  2:13  Queen  
  22  2:18  Extractor  
  21  2:32  Queen  
  21  2:33  Zergling x2  
  24  2:40  Drone x2  
  26  2:47  Drone  
  26  2:50  Zergling x2  
  27  3:05  Zergling x4  
  27  3:09  Drone x2  
  31  3:48  Queen  
  31  3:49  Metabolic Boost  
  29  4:15  Overlord  
  32  4:21  Queen  
  34  4:28  Overlord  
Spawning Tool Build Advisor. Get it on Overwolf

Go to:

Details

  • Created by: zuka      
  • Published on: Jan 22, 2021
  • Modified on: Jan 22, 2021
  • Patch: 4.11.0
  • Difficulty: Easy
Show
View Real Time Build Order
Export as new Build Order

Comments (0)

There are no comments. Be the first!

Create an account to comment!